 Dungeon Sprint DCSS version 0.27.1-2-g3b301248ec (webtiles) character file.

Game seed: 7258964048871387327

494 boopmooplesden the Protected (level 6, -7/52 HPs)
             Began as a Minotaur Fighter on Sept 22, 2021.
             Mangled by a blink frog (16 damage)
             ... in the Dungeon (Sprint II: "The Violet Keep of Menkaure").
             The game lasted 00:01:13 (302 turns).

boopmooplesden the Protected (Minotaur Fighter)      Turns: 302, Time: 00:01:15

Health: -7/52      AC:  5    Str: 22    XL:     6   Next: 92%
Magic:  5/5        EV:  9    Int:  5    God:
Gold:   729        SH: 12    Dex: 10    Spells: 5/5 levels left

rFire    . . .     SeeInvis .   a - +0 war axe
rCold    . . .     Faith    .   c - +0 kite shield
rNeg     . . .     Spirit   .   b - +0 scale mail
rPois    .         Reflect  .   (helmet restricted)
rElec    .         Harm     .   (no cloak)
rCorr    .         Rampage  .   (no gloves)
Will     .....     NoTele   +   (no boots)
Stlth    ..........             (no amulet)
HPRegen  0.00/turn              (no ring)
MPRegen  0.09/turn              (no ring)

@: inhibited regen
A: horns 2, retaliatory headbutt, deformed body, frail 2, inhibited regeneration
a: no special abilities


You were in the Dungeon.
You visited 1 branch You collected 729 gold pieces.

Inventory:

Hand Weapons
 a - a +0 war axe (weapon)
Armour
 b - a +0 scale mail (worn)
 c - a +0 kite shield (worn)
Scrolls
 j - a scroll of blinking
Potions
 d - a potion of might
 h - 2 potions of magic
 i - a potion of berserk rage


   Skills:
 + Level 10.0 Fighting
 + Level 7.4 Axes
 + Level 10.3 Armour
 + Level 1.0 Dodging
 + Level 9.8 Shields


You had 5 spell levels left.
You didn't know any spells.
Your spell library was empty.

Dungeon Overview and Level Annotations

Branches:
Dungeon (1/1)

Altars:

Shops:
D :(:==[*[!*[!*?[

Annotations:
D exclusions: ice statue and oklob plant


Innate Abilities, Weirdness & Mutations

You have a pair of horns on your head.
You reflexively headbutt those who attack you in melee.
Armour fits poorly on your strangely shaped body.
You are very frail. (-20% HP)
You do not regenerate when monsters are visible.


Message History

The water moccasin hisses angrily.
The slime creature quivers.
Two slime creatures merge to form a large slime creature.
Marking area around an oklob plant as unsafe for travelling.
There is an open door here.
Found five items.
Found Ikuelox's Book Shoppe.
The blink frog hits you.
The blink frog blinks! x2
You miss the blink frog.
The walls and floor vibrate strangely for a moment.
The blink frog hits you!
* * * LOW HITPOINT WARNING * * *
The blink frog blinks!
You block the water moccasin's attack.
You slash the water moccasin!
You headbutt the water moccasin, but do no damage.
The water moccasin is moderately wounded.
You block the water moccasin's attack. x2
You hit the water moccasin.
The water moccasin is heavily wounded.
You closely miss the blink frog. The water moccasin barely misses you.
The blink frog blinks!
You hit the water moccasin but do no damage.
The water moccasin is heavily wounded.
You block the water moccasin's attack.
The blink frog blinks!
You block the water moccasin's attack.
You miss the water moccasin.
The water moccasin is heavily wounded.
The water moccasin bites you.
* * * LOW HITPOINT WARNING * * *
You block the water moccasin's attack.
You closely miss the water moccasin.
The water moccasin is heavily wounded.
You slash the blink frog! You block the water moccasin's attack.
The blink frog closely misses you. You block the water moccasin's attack.
You hit the water moccasin but do no damage.
The water moccasin is heavily wounded.
You slash the blink frog! The blink frog barely misses you.
You furiously retaliate!
You headbutt the blink frog!
The water moccasin bites you but does no damage.
The blink frog hits you!
You die... ##########≈≈#++ #########≈≈≈... ......∩.#≈≈≈≈.## ## ...∩.∩..#≈≈≈≈##. $## ..∩.∩...#≈≈≈≈ .. .. .⌠.∩....#≈≈## B#B

## ..∩.∩..F#≈##.# #+#
.##
...∩.∩.@#≈###.##.###..#
....∩.∩.S≈'.##'.<.'.#
.....∩.∩#≈#...##.###..#
▓▓▓▓▓▓###≈##.###'## .##
/.J######≈≈######.####
?.J# ##≈≈ #..##.# ∩P(
'#≈ #...## )! )#≈≈##'##
## °≈≈≈≈


You could see a large slime creature, a slime creature, an oklob plant, a blink
frog and a water moccasin.

Vanquished Creatures
  2 neqoxecs (D)
  4 scorpions (D)
  3 worms (D)
9 creatures vanquished.

Vanquished Creatures (others)
  2 neqoxecs (D)
  Menkaure (D)
3 creatures vanquished.

Grand Total: 12 creatures vanquished

Notes
Turn   | Place    | Note
-------+----------+-------------------------------------------
     0 | D        | boopmooplesden the Minotaur Fighter began the quest for the
                  | Orb.
     0 | D        | Reached XP level 1. HP: 19/19 MP: 0/0
     1 | D        | Noticed a boulder beetle
     1 | D        | Noticed a boulder beetle
     5 | D        | Noticed a scorpion
     5 | D        | Noticed a scorpion
    10 | D        | Killed a scorpion
    11 | D        | Reached XP level 2. HP: 15/30 MP: 1/1
    11 | D        | Reached XP level 3. HP: 18/37 MP: 2/2
    12 | D        | Killed a scorpion
    13 | D        | Reached XP level 4. HP: 14/47 MP: 3/3
    14 | D        | Noticed a scorpion
    14 | D        | Noticed a scorpion
    22 | D        | Killed a scorpion
    23 | D        | Reached XP level 5. HP: 31/53 MP: 4/4
    48 | D        | Reached skill level 5 in Axes
    50 | D        | Killed Menkaure
    58 | D        | Noticed a neqoxec
    59 | D        | Gained mutation: You are frail. (-10% HP) [a neqoxec]
    59 | D        | Noticed a neqoxec
    70 | D        | Gained mutation: Armour fits poorly on your strangely
                  | shaped body. [a neqoxec]
    72 | D        | Gained mutation: You do not regenerate when monsters are
                  | visible. [a neqoxec]
    73 | D        | Killed a neqoxec
    74 | D        | Reached XP level 6. HP: 25/57 MP: 5/5
    77 | D        | Killed a neqoxec
    79 | D        | Gained mutation: You are very frail. (-20% HP) [a neqoxec]
    81 | D        | Killed a neqoxec
    82 | D        | Reached skill level 10 in Fighting
    82 | D        | Reached skill level 10 in Armour
    82 | D        | Reached skill level 1 in Dodging
    84 | D        | Noticed an ice statue
   277 | D        | Killed a neqoxec
   282 | D        | Found Futeatsu's Magic Scroll Boutique.
   282 | D        | Found Vodih's Distillery.
   282 | D        | Found Xanib's Antique Armour Shop.
   282 | D        | Found Sukirej's Distillery.
   282 | D        | Found Cyish's Antique Armour Shop.
   282 | D        | Found Juotum's Antique Armour Boutique.
   282 | D        | Found Buboosiq's Assorted Antiques.
   282 | D        | Found Jeohutze's General Store.
   283 | D        | Found Finiru's Armour Boutique.
   283 | D        | Found Leobror's Jewellery Shop.
   283 | D        | Found Piotuazy's Jewellery Boutique.
   283 | D        | Found Laeri's General Store.
   284 | D        | Found Aplyr's Book Shop.
   284 | D        | Found Himureti's Antique Weapon Boutique.
   284 | D        | Noticed a blink frog
   286 | D        | Noticed a slime creature
   294 | D        | Noticed a water moccasin
   294 | D        | Noticed a slime creature
   294 | D        | Noticed a slime creature
   294 | D        | Noticed an oklob plant
   295 | D        | Found Ikuelox's Book Shoppe.
   302 | D        | Mangled by a blink frog

Illustrated notes

Levels and vault maps discovered:
D:        the_violet_keep_of_menkaure [sprint2_stairs_cluster_1,
          sprint2_shoproom, sprint2_temple, sprint2_basic_supplies,
          sprint2_obstacle_2, sprint2_obstacle_7, sprint2_obstacle_6,
          sprint2_obstacle_4, sprint2_obstacle_1, sprint2_timed_cluster_1,
          sprint2_smallroom_cluster_1, sprint2_smallroom_final_cluster_1,
          sprint2_transparent_cluster_1, sprint2_second_timed_cluster_1,
          sprint2_sniper_area_1, sprint2_heavy_combat_area_1,
          sprint2_mutation_trap_area_1, sprint2_forest_area_1,
          sprint2_light_combat_area_1, sprint2_behind_water_1,
          sprint2_near_end_vault_1]

Skill      XL: |  1  2  3  4  5  6 |
---------------+-------------------+-----
Fighting       | 6 7 9 10 | 10.0
Axes           | 3 4 6 7 |  7.4
Armour         | 6 7 8 9 10 | 10.3
Shields        | 6 7 9 |  9.8
Dodging        | 1 |  1.0

Action                   |  1- 3 |  4- 6 || total
-------------------------+-------+-------++-------
Melee: War axe           |     6 |    50 ||    56
       Headbutt          |     1 |    14 ||    15
  Use: Potion            |     1 |     2 ||     3
Armor: Scale mail        |     2 |     4 ||     6
Dodge: Dodged            |       |     9 ||     9
Block: Kite shield       |     2 |    24 ||    26
